 Dungeon Crawl Stone Soup version 0.28-a0-479-g5baa6b73be (webtiles) character file.

Game seed: 2494656499860144930

32 Dabor the Skirmisher (level 3, 0/22 (29) HPs)
             Began as a Formicid Abyssal Knight on Sept 19, 2021.
             Was a Believer of Lugonu.
             Slain by Terence (3 damage)
             ... on level 2 of the Dungeon.
             The game lasted 00:01:24 (1283 turns).

Dabor the Skirmisher (Formicid Abyssal Knight)      Turns: 1283, Time: 00:01:24

HP:   0/22 (29)     AC:  6    Str: 17    XL:     3   Next: 45%
MP:   5/5           EV: 10    Int: 11    God:    Lugonu [**....]
Gold: 26            SH:  0    Dex: 10    Spells: 2/2 levels left

rFire   . . .      SeeInvis +   a - +1 spear
rCold   . . .      Faith    .   (no shield)
rNeg    . . .      Spirit   .   g - +0 ring mail
rPois   .          Reflect  .   (helmet unavailable)
rElec   .          Harm     .   c - +0 cloak
rCorr   .          Rampage  .   (no gloves)
Will    .....                   (no boots)
Stlth   ..........              (no amulet)
HPRegen 0.07/turn               (no ring)
MPRegen 0.09/turn               (no ring)

@: heavily drained
A: permanent stasis, dig shafts and tunnels, antennae 3, four strong arms
a: Dig, Shaft Self, Renounce Religion, Depart the Abyss, Bend Space


You were on level 2 of the Dungeon.
You worshipped Lugonu.
Lugonu was pleased with you.
You visited 1 branch of the dungeon, and saw 2 of its levels.
You visited the Abyss 1 time.

You collected 26 gold pieces.

Inventory:

Hand Weapons
 a - a +1 spear (weapon)
Missiles
 h - 6 boomerangs (quivered)
Armour
 b - a +0 leather armour
 c - a +0 cloak (worn)
 g - a +0 ring mail (worn)
Scrolls
 d - a scroll of identify {unknown}
 e - 2 scrolls of enchant armour {unknown}
 i - 2 scrolls of noise {unknown}
Potions
 f - a potion of might {unknown}
 j - a potion of curing {unknown}


   Skills:
 + Level 3.6 Fighting
 + Level 2.3 Polearms
 + Level 2.6 Armour
 + Level 1.4 Dodging
 + Level 2.6 Invocations


You had 2 spell levels left.
You didn't know any spells.
Your spell library contained the following spells:

 Spells                   Type           Power      Damage    Failure   Level
 Sting                    Tmut/Pois      0%         1d3       54%         1
 Corpse Rot               Necr/Air       N/A        N/A       67%         2
 Poisonous Vapours        Pois/Air       0%         N/A       67%         2
 Olgreb's Toxic Radiance  Pois           0%         N/A       99%         4


Dungeon Overview and Level Annotations

Branches:
Dungeon (2/15)

Altars:
Cheibriados

Annotations:
D:2 Terence


Innate Abilities, Weirdness & Mutations

You cannot be hasted, slowed, berserked, paralysed or teleported.
You can dig through walls and to a lower floor.
You have a pair of large antennae on your head. (SInv)
Your four strong arms can wield two-handed weapons with a shield.


Message History

You barely miss Terence.
Terence is severely wounded.
Terence hits you with a +0 flail of draining!
You feel drained.
You closely miss Terence.
Terence is severely wounded.
Terence hits you but does no damage.
You feel drained.
You hit Terence but do no damage.
Terence is severely wounded.
Terence hits you but does no damage.
You feel drained.
You hit Terence but do no damage.
Terence is severely wounded.
Terence hits you with a +0 flail of draining.
You feel drained.
You hit Terence.
Terence is severely wounded.
Terence closely misses you.
You closely miss Terence.
Terence is severely wounded.
Terence closely misses you.
You hit Terence but do no damage.
Terence is severely wounded.
Terence barely misses you.
You hit Terence but do no damage.
Terence is severely wounded.
Terence hits you with a +0 flail of draining!
You feel drained.
You are too injured to fight recklessly!
You are too injured to fight recklessly!
You are too injured to fight recklessly!
You are too injured to fight recklessly!
You are too injured to fight recklessly!
You are too injured to fight recklessly!
You are too injured to fight recklessly!
You barely miss Terence.
Terence is severely wounded.
Terence hits you with a +0 flail of draining!
* * * LOW HITPOINT WARNING * * *
You feel drained.
You die...

..##.# ..##.# ...
.....# ... ...#.#
.. ...#... ..
...###... .# ...#
...### ### .#
##.#######.###.##@#
#.##...#.#_#.#.@.#
#.##.##.###.######
#.##..###>###
#.###......#
#.###......#
#.#.....####
##.#.##### .......#
#.##.#.#


You could see Terence.

Vanquished Creatures
  A worm (D:2)
  A dart slug (D:1)
  3 ball pythons (D:1)
  4 bats (D:1)
  An endoplasm (D:1)
  4 goblins
  2 hobgoblins (D:1)
  3 jackals (D:1)
  4 kobolds
  3 rats (D:1)
26 creatures vanquished.

Notes
Turn   | Place    | Note
-------+----------+-------------------------------------------
     0 | Abyss:1  | Dabor the Formicid Abyssal Knight began the quest for the
                  | Orb.
     0 | Abyss:1  | Reached XP level 1. HP: 18/18 MP: 2/2
     5 | Abyss:1  | Noticed a smoke demon
     8 | D:1      | Escaped the Abyss
    82 | D:1      | Reached skill level 1 in Dodging
   127 | D:1      | Reached XP level 2. HP: 18/24 MP: 3/3
   558 | D:1      | Reached XP level 3. HP: 26/29 MP: 4/4
   732 | D:1      | Reached ** piety under Lugonu
  1091 | D:2      | Found a snail-covered altar of Cheibriados.
  1264 | D:2      | Found a faded altar of an unknown god.
  1270 | D:2      | Noticed Terence
  1283 | D:2      | Slain by Terence

Illustrated notes

Levels and vault maps discovered:
D:1:      ncdulo_halloftheorcs, layout_rooms
D:2:      layout_basic, basic_altar, chequers_ecumenical_altar_twisty,
          skrybe_limestone_x, chequers_serial_rivers_large_b, uniq_terence,
          uniq_robin

Skill      XL: |  1 |
---------------+----+-----
Dodging        | 1 |  1.4
Fighting       | |  3.6
Polearms       | |  2.3
Armour         | |  2.6
Invocations    | |  2.6

Action                   || total
-------------------------++-------
Melee: Spear             ||    88
Throw: Boomerang         ||     2
Evoke: Wand              ||     2
Armor: Leather armour    ||    23
       Ring mail         ||     4
Dodge: Dodged            ||    42

Table legend: (Time is in decaauts)
 A = Elapsed time spent in this place.
 B = Non-inter-level travel time spent in this place.
 C = Inter-level travel time spent in this place.
 D = Time resting spent in this place.
 E = Time spent auto-exploring this place.
 F = Levels seen in this place.
 G = Mean time per level.
                   A        B        C        D        E       F      G
               +--------+--------+--------+--------+--------+-----+--------+
         Total |   1282 |   1216 |     66 |      0 |   1018 |   3 |  427.3 |
       Dungeon |   1274 |   1208 |     66 |      0 |   1017 |   2 |  637.0 |
         Abyss |      8 |      8 |      0 |      0 |      1 |   1 |    8.0 |
               +--------+--------+--------+--------+--------+-----+--------+

Top non-repeatable levels by time:
     D:1: 1082 daAuts
     D:2: 191 daAuts
 Abyss:1: 8 daAuts
